 Dungeon Crawl Stone Soup version 0.21.0-24-g2553a33 (webtiles) character file.

1950 Monsterracer the Destroyer (level 9, -5/45 HPs)
             Began as a Kobold Wizard on Jan 21, 2018.
             Was a Follower of Vehumet.
             Slain by a hornet zombie (9 damage)
             ... on level 6 of the Dungeon.
             The game lasted 00:10:25 (7719 turns).

Monsterracer the Destroyer (Kobold Wizard)          Turns: 7719, Time: 00:10:26

Health: -5/45      AC:  3    Str:  4    XL:     9   Next: 41%
Magic:  0/19       EV: 15    Int: 22    God:    Vehumet [*.....]
Gold:   305        SH:  0    Dex: 14    Spells: 13/22 levels left

rFire    . . .     SeeInvis .   a - +3 whip (drain)
rCold    . . .     Gourm    .   (shield restricted)
rNeg     . . .     Faith    .   l - +0 robe
rPois    +         Spirit   .   o - +0 hat
rElec    .         Reflect  .   (no cloak)
rCorr    .         Harm     .   (no gloves)
MR       .....                  k - +0 pair of boots
Stlth    ++........             (no amulet)
HPRegen  0.15/turn              u - ring of wizardry
MPRegen  0.16/turn              D - ring of poison resistance {!d}

@: no status effects
A: small, carnivore
a: Renounce Religion


You were on level 6 of the Dungeon.
You worshipped Vehumet.
Vehumet was aware of your devotion.
You were very full.

You visited 2 branches of the dungeon, and saw 7 of its levels.

You collected 305 gold pieces.

Inventory:

Hand Weapons
 a - a +3 whip of draining (weapon)
 b - a +0 spear
 w - a +0 hunting sling
 C - a +0 rapier
Missiles
 j - a throwing net (quivered)
 r - 125 stones
 x - 56 sling bullets
Armour
 k - a +0 pair of boots (worn)
 l - a +0 robe (worn)
 o - a +0 hat (worn)
Jewellery
 u - a ring of wizardry (left hand)
 v - an uncursed ring of positive energy {!d}
 D - a ring of poison resistance (right hand) {!d}
Scrolls
 g - 3 scrolls of teleportation
 m - 6 scrolls of identify
 n - 3 scrolls of amnesia
 p - 7 scrolls of remove curse
Potions
 e - 3 potions of curing
 h - 3 potions of heal wounds
 q - a potion of lignification
 s - 2 potions of brilliance
 t - a potion of magic
 A - 2 potions of might
 B - 2 potions of agility
Comestibles
 c - 11 rations


   Skills:
 - Level 2.4 Dodging
 - Level 2.6 Stealth
 + Level 7.0 Spellcasting
 * Level 9.9 Conjurations
   Level 1.0 Summonings
 - Level 1.0 Translocations


You had 13 spell levels left.
You knew the following spells:

 Your Spells              Type           Power        Failure   Level  Hunger
a - Magic Dart            Conj           ####         1%          1    None
b - Conjure Flame         Conj/Fire      ####....     1%          3    None
c - Mephitic Cloud        Conj/Pois/Air  ###.....     2%          3    None
e - Blink                 Tloc           N/A          3%          2    None


Dungeon Overview and Level Annotations

Branches:
Dungeon (6/15)             Temple (1/1) D:4

Altars:
Ashenzari
Cheibriados
Dithmenos
Elyvilon
Fedhas
Gozag
Hepliaklqana
Kikubaaqudgha
Makhleb
Nemelex Xobeh
Okawaru
Sif Muna
Trog
Uskayaw
Vehumet
Wu Jian
Xom
Yredelemnul
Zin
The Shining One

Annotations:
D:5 exclusion: 2 doors


Innate Abilities, Weirdness & Mutations

You are small and have problems with some larger weapons.
You are carnivorous and can eat meat at any time.


Message History

The magic dart hits the gnoll sergeant.
The gnoll sergeant is moderately wounded.
The gnoll sergeant barely misses you.
Casting: Magic Dart
Confirm with . or Enter, or press ? or * to list all spells.
Aiming: Magic Dart
Press: ? - help, Shift-Dir - straight line The magic dart hits the gnoll sergeant.
The gnoll sergeant is severely wounded.
The gnoll sergeant hits you from afar with a spear!
You take 12 damage, and have 33/45 hp.
MASSIVE DAMAGE!!
You now have 8/19 mp.
Casting: Magic Dart
Confirm with . or Enter, or press ? or * to list all spells.
Aiming: Magic Dart
Press: ? - help, Shift-Dir - straight line The magic dart hits the gnoll sergeant.
The gnoll sergeant is severely wounded.
The gnoll sergeant closely misses you.
You now have 7/19 mp.
Casting: Magic Dart
Confirm with . or Enter, or press ? or * to list all spells.
Aiming: Magic Dart
Press: ? - help, Shift-Dir - straight line The magic dart hits the gnoll sergeant.
The gnoll sergeant is severely wounded.
The gnoll sergeant hits you from afar with a spear!
You take 6 damage, and have 27/45 hp.
You now have 6/19 mp.
Casting: Magic Dart
Confirm with . or Enter, or press ? or * to list all spells.
Aiming: Magic Dart
Press: ? - help, Shift-Dir - straight line The magic dart hits the gnoll sergeant.
The gnoll sergeant is severely wounded.
The gnoll sergeant misses you.
You now have 5/19 mp.
Casting: Magic Dart
Confirm with . or Enter, or press ? or * to list all spells.
Aiming: Magic Dart
Press: ? - help, Shift-Dir - straight line The magic dart hits the gnoll sergeant.
The gnoll sergeant is almost dead.
The gnoll sergeant hits you from afar with a spear!
* * * LOW HITPOINT WARNING * * *
Casting: Magic Dart
Confirm with . or Enter, or press ? or * to list all spells.
Aiming: Magic Dart
Press: ? - help, Shift-Dir - straight line The magic dart hits the gnoll sergeant.
The gnoll sergeant is almost dead.
The gnoll sergeant misses you.
You take 9 damage, and have 18/45 hp.
You now have 3/19 mp.
Casting: Magic Dart
Confirm with . or Enter, or press ? or * to list all spells.
Aiming: Magic Dart
Press: ? - help, Shift-Dir - straight line The magic dart hits the gnoll sergeant.
The gnoll sergeant is almost dead.
The gnoll sergeant hits you from afar with a spear!
* * * LOW HITPOINT WARNING * * *
You take 7 damage, and have 11/45 hp.
Casting: Magic Dart
Confirm with . or Enter, or press ? or * to list all spells.
Aiming: Magic Dart
Press: ? - help, Shift-Dir - straight line The magic dart hits the gnoll sergeant.
The gnoll sergeant is almost dead.
The gnoll sergeant hits you but does no damage.
You now have 2/19 mp.
Unknown command.
Casting: Magic Dart
Confirm with . or Enter, or press ? or * to list all spells.
Aiming: Magic Dart
Press: ? - help, Shift-Dir - straight line The magic dart hits the gnoll sergeant.
The gnoll sergeant is almost dead.
The gnoll sergeant closely misses you.
You now have 1/19 mp.
Casting: Magic Dart
Confirm with . or Enter, or press ? or * to list all spells.
Aiming: Magic Dart
Press: ? - help, Shift-Dir - straight line, f - gnoll sergeant
Aim: a gnoll sergeant, wielding a spear and wearing a scale mail (almost dead)
The magic dart hits the gnoll sergeant.
You kill the gnoll sergeant!
Vehumet accepts your kill.
You now have 0/19 mp.
Casting: Magic Dart
Confirm with . or Enter, or press ? or * to list all spells.
Aiming: Magic Dart
Press: ? - help, Shift-Dir - straight line, f - hornet zombie
Aim: a hornet zombie The magic dart hits the hornet zombie.
You now have 0/19 mp.
You hit the hornet zombie but do no damage.
The hornet zombie hits you!
* * * LOW HITPOINT WARNING * * *
The hornet zombie barely misses you.
You take 9 damage, and have 3/45 hp.
You barely miss the hornet zombie. The hornet zombie hits you!
You die...

............# #..........#
##..........###########.....#
##..............# #.....#
.........###....#######.....#####
...........'..........'...§.§....
..≈##########....######..§§§###..
.≈... #....# #..§§§# #.# ..≈.≈.≈
#....# #########.# .≈..... ####@#
#....# ..≈#### #Z# #.##<. ....
#.# #.#... #.# #.#..# #)# #.####
#.# #..... #.# #####. #.# #. #.#
##


You could see a hornet zombie.

Vanquished Creatures
  The ghost of Monsterracer the Chopper, a novice DDFE of Makhleb (D:6)
  A sky beast (D:5)
  An ice beast (D:5)
  A necrophage (D:6)
  3 ogres
  A centaur (D:5)
  2 bullfrogs (D:6)
  A gnoll sergeant (D:6)
  2 scorpions
  A bullfrog zombie (D:5)
  A howler monkey (D:4)
  2 crimson imps (D:5)
  3 jellies (D:5)
  Jessica (D:2)
  2 worker ants (D:5)
  An iguana (D:4)
  A hound skeleton (D:6)
  A howler monkey skeleton (D:4)
  3 gnolls (D:4)
  13 adders
  2 oozes
  2 dart slugs
  A worm (D:1)
  A leopard gecko (D:2)
  15 orcs
  A ball python (D:4)
  4 giant cockroaches
  2 goblins
  9 hobgoblins
  13 jackals
  8 kobolds
  A quokka (D:2)
  4 bats
  3 frilled lizards
  A giant cockroach zombie (D:5)
  A jackal skeleton (D:5)
  7 rats
117 creatures vanquished.

Notes
Turn   | Place    | Note
-------+----------+-------------------------------------------
     0 | D:1      | Monsterracer the Kobold Wizard began the quest for the Orb.
     0 | D:1      | Reached XP level 1. HP: 10/10 MP: 4/4
   252 | D:1      | Reached XP level 2. HP: 15/15 MP: 3/6
   449 | D:1      | Reached skill level 2 in Conjurations
   769 | D:1      | You fall through a shaft!
   796 | D:2      | Reached XP level 3. HP: 18/19 MP: 1/7
   805 | D:2      | Learned a level 2 spell: Blink
   809 | D:2      | Learned a level 3 spell: Conjure Flame
   866 | D:2      | Reached skill level 3 in Conjurations
  1110 | D:1      | HP: 8/19 [jackal (2)]
  1726 | D:2      | Reached XP level 4. HP: 24/24 MP: 1/8
  1959 | D:2      | Found an opulent altar of Gozag.
  2038 | D:2      | Noticed Jessica
  2050 | D:2      | Reached skill level 4 in Conjurations
  2052 | D:2      | HP: 12/24 [poisoned by an adder]
  2054 | D:2      | HP: 3/24 [quokka (3)]
  2059 | D:2      | Killed Jessica
  2059 | D:2      | Reached XP level 5. HP: 4/28 MP: 1/9
  2061 | D:2      | HP: 4/42 [poisoned by an adder]
  2068 | D:2      | HP: 3/42 [poisoned by an adder]
  2458 | D:2      | Learned a level 3 spell: Mephitic Cloud
  3271 | D:3      | Reached skill level 5 in Conjurations
  3605 | D:4      | HP: 10/28 [scorpion (7)]
  3611 | D:4      | HP: 7/28 [poisoned by a scorpion]
  3617 | D:4      | HP: 4/28 [scorpion (3)]
  3618 | D:4      | Reached XP level 6. HP: 4/32 MP: 0/11
  3619 | D:4      | HP: 1/32 [poisoned by a scorpion]
  3628 | D:4      | HP: 16/32 [poisoned by a scorpion]
  3634 | D:4      | HP: 14/32 [poisoned by a scorpion]
  3640 | D:4      | HP: 13/32 [poisoned by a scorpion]
  3648 | D:4      | HP: 11/32 [poisoned by a scorpion]
  4305 | D:4      | Noticed an ogre
  4312 | D:4      | Killed an ogre
  4312 | D:4      | Reached skill level 6 in Conjurations
  4312 | D:4      | Reached XP level 7. HP: 36/36 MP: 6/13
  4776 | D:4      | Found a staircase to the Ecumenical Temple.
  5083 | Temple   | Entered the Ecumenical Temple
  5297 | Temple   | Became a worshipper of Vehumet
  5352 | D:5      | Entered Level 5 of the Dungeon
  5660 | D:5      | Reached skill level 7 in Conjurations
  5755 | D:5      | Reached skill level 5 in Spellcasting
  5822 | D:5      | Reached XP level 8. HP: 33/41 MP: 7/15
  5926 | D:5      | Found a bloodstained altar of Trog.
  6053 | D:5      | Found a hide-covered altar of Uskayaw.
  6053 | D:5      | Found a shadowy altar of Dithmenos.
  6054 | D:5      | Found a shattered altar of Ashenzari.
  6317 | D:5      | Reached skill level 8 in Conjurations
  6595 | D:5      | HP: 19/41 [electric eel/bolt of electricity (9)]
  6981 | D:6      | HP: 19/41 [ogre/giant club (14)]
  7011 | D:6      | Reached * piety under Vehumet
  7011 | D:6      | Offered knowledge of Sting by Vehumet.
  7216 | D:6      | Found a burning altar of Makhleb.
  7251 | D:6      | HP: 19/39 [necrophage (2)]
  7263 | D:6      | HP: 12/38 [necrophage (1)]
  7458 | D:6      | Noticed Monsterracer's ghost (novice DDFE)
  7480 | D:6      | Killed Monsterracer's ghost
  7480 | D:6      | Reached skill level 9 in Conjurations
  7480 | D:6      | Reached XP level 9. HP: 25/45 MP: 5/19
  7708 | D:6      | HP: 18/45 [gnoll sergeant/spear (9)]
  7718 | D:6      | HP: 3/45 [hornet zombie (9)]
  7719 | D:6      | Slain by a hornet zombie

Skill      XL: |  1  2  3  4  5  6  7  8  9 |
---------------+----------------------------+-----
Conjurations   | 2 3 4 5 6 7 9 |  9.9
Spellcasting   | 4 5 6 7 |  7.0
Dodging        | |  2.4
Stealth        | |  2.6
Summonings     | |  1.0
Translocations | |  1.0

Action                   |  1- 3 |  4- 6 |  7- 9 || total
-------------------------+-------+-------+-------++-------
Melee: Dagger            |     6 |       |       ||     6
       Whip              |     4 |    26 |    24 ||    54
 Fire: Hunting sling     |       |       |     9 ||     9
 Cast: Magic Dart        |    57 |   128 |   187 ||   372
       Mephitic Cloud    |       |     1 |     2 ||     3
       Conjure Flame     |       |     1 |     1 ||     2
  Use: Potion            |       |     3 |     1 ||     4
       Scroll            |       |       |    13 ||    13
 Stab: Confused          |       |     1 |       ||     1
  Eat: Chunk             |     9 |     9 |    10 ||    28
Armor: Robe              |     6 |     5 |    20 ||    31
       Skin              |       |     9 |       ||     9
Dodge: Dodged            |    38 |    34 |    69 ||   141

Vault maps used:
D:1:      ncdulo_halloftheorcs
D:2:      grunt_gozag_breadcrumbs, first_ration, kennysheep_jessica_study
D:3:      lemuel_old_faithful
D:4:      minmay_temple_entry_water_ring
D:5:      cheibrodos_two_vegetables, gammafunk_temple_overflow_claw, bloody_trog
D:6:      makhleb_blood_cavern_becter, nicolae_ru_path_of_blood, serial_shops,
          nicolae_shop_trees, kennysheep_generic_room_5
Temple:   regret_index_temple_generic_petals
